Map: Blueshift LE

Players

Raze - Winner!

  • Race: Terran Terran
  • League: Grandmaster
  • Spawn Location: 7:00

ALLMIGHT

  • Race: Zerg Zerg
  • League: Grandmaster
  • Spawn Location: 1:00

VOD

Have the link to the VOD?

Description

Time

  • Played on: Jan. 15, 2019, 4:17 a.m.
  • Length: 27:28
Show
View Real Time Build Order
Export as new Build Order

Raze Terran - Winner!

Build Orders: Reaper Expand, Mech 

Get SALT Encoding   

  12  0:01  SCV  
  13  0:13  SCV  
  14  0:16  Supply Depot  
  14  0:25  SCV  
  15  0:38  SCV  
  15  0:39  Barracks  
  16  0:45  Refinery  
  16  0:50  SCV  
  17  1:02  SCV  
  18  1:14  SCV  
  19  1:26  Orbital Command  
  19  1:29  Reaper  
  20  1:38  Command Center  
  20  1:48  Supply Depot  
  20  1:52  SCV  
  21  2:01  Marine  
  22  2:04  SCV  
  22  2:07  Factory  
  23  2:16  Refinery, SCV  
  24  2:24  Barracks Reactor  
  24  2:28  SCV  
  25  2:40  SCV  
  25  2:51  Orbital Command  
  26  2:52  SCV  
  26  2:57  Starport  
  27  3:04  SCV  
  28  3:12  Hellion x2  
  31  3:13  Barracks Tech Lab  
  31  3:16  SCV  
  31  3:17  SCV  
  31  3:19  Supply Depot  
  33  3:29  SCV x2  
  33  3:31  Marine  
  33  3:33  Hellion x2  
  40  3:38  Fusion Core  
  40  3:40  Refinery  
  40  3:41  SCV x2  
  42  3:43  Supply Depot  
  42  3:53  SCV x2  
  44  4:00  Hellion x2  
  48  4:05  SCV x2  
  50  4:13  Supply Depot  
  50  4:17  SCV x2  
  52  4:25  Battlecruiser  
  52  4:29  SCV x2  
  60  4:33  Weapon Refit  
  60  4:41  SCV x2  
  62  4:46  Command Center  
  62  4:53  SCV x2  
  62  4:59  Refinery  
  64  5:00  Supply Depot  
  64  5:05  SCV x2  
  66  5:14  Supply Depot  
  66  5:17  SCV  
  66  5:18  SCV  
  66  5:19  Factory x2  
  68  5:30  SCV x2  
  68  5:34  Battlecruiser  
  76  5:37  Supply Depot  
  76  5:42  SCV  
  77  5:43  SCV  
  77  5:49  Hellion x2, Supply Depot  
  82  5:54  SCV  
  83  6:00  SCV  
  83  6:02  Orbital Command  
  84  6:04  Armory  
  84  6:05  Armory  
  84  6:07  Factory Tech Lab x2  
  84  6:11  Hellion x2, SCV  
  89  6:13  SCV  
  90  6:23  Supply Depot  
  90  6:26  Engineering Bay, SCV x2  
  92  6:38  Battlecruiser  
  98  6:41  SCV x2  
  98  6:42  Orbital Command  
  100  6:53  Cyclone x2, SCV x2  
  108  6:54  Hellion x2  
  108  6:57  Refinery  
  108  6:59  Refinery  
  112  7:01  Infernal Pre-Igniter  
  112  7:05  SCV x2  
  114  7:10  SCV  
  114  7:14  Supply Depot  
  115  7:17  Terran Vehicle Weapons Level 1, SCV  
  115  7:18  SCV  
  115  7:19  Command Center  
  115  7:22  SCV  
  118  7:29  SCV  
  119  7:30  SCV  
  119  7:35  Hellion, Siege Tank x2  
  119  7:36  Hellion  
  130  7:40  Terran Vehicle And Ship Armor Level 1  
  130  7:41  SCV  
  130  7:42  Supply Depot  
  131  7:49  SCV  
  133  7:51  SCV  
  133  7:58  SCV  
  134  8:03  SCV  
  135  8:07  SCV  
  135  8:10  Siege Tank  
  135  8:11  Hellion x2, Siege Tank  
  146  8:15  Factory x2  
  146  8:17  Supply Depot x2  
  146  8:28  Battlecruiser  
  152  8:37  Supply Depot  
  152  8:38  Supply Depot  
  152  8:47  SCV x3  
  155  8:50  Hellion x2, Siege Tank x2  
  155  8:53  Refinery  
  165  8:56  Refinery  
  165  9:02  Factory Reactor, Factory Tech Lab  
  165  9:03  SCV  
  165  9:07  SCV  
  167  9:10  SCV  
  164  9:20  SCV  
  164  9:22  Planetary Fortress  
  164  9:28  Siege Tank x3  
  164  9:29  Hellion x2  
  177  9:37  Command Center  
  177  9:39  Hellion x2  
  177  9:40  Battlecruiser  
  187  9:50  Hellion  
  187  9:52  Missile Turret x2  
  189  9:55  Mag-Field Accelerator  
  189  10:06  Cyclone x3  
  200  10:07  Hellion  
  200  10:10  Terran Vehicle Weapons Level 2  
  200  10:13  Command Center  
  200  10:16  Terran Vehicle And Ship Armor Level 2  
  200  10:33  Starport  
  200  10:39  Barracks Tech Lab  
  200  10:41  Command Center  
  192  10:43  Cyclone x3  
  192  11:04  Hellion x3, Liberator  
  155  11:15  Siege Tank x3  
  164  11:20  Starport Tech Lab  
  167  11:39  Hellion x3  
  176  11:52  Ghost Academy  
  176  11:56  Barracks x2  
  176  11:57  Orbital Command  
  176  11:59  Refinery, Barracks  
  176  12:01  Barracks  
  176  12:04  Refinery  
  179  12:12  Battlecruiser x2  
  184  12:23  Planetary Fortress  
  183  12:36  Terran Ship Weapons Level 1  
  180  12:45  Cyclone x2  
  180  12:46  Barracks Tech Lab x3  
  180  12:47  Ghost  
  180  12:49  Barracks Tech Lab  
  188  12:54  Refinery x2  
  188  12:56  Missile Turret x2  
  187  13:01  Orbital Command  
  187  13:11  Ghost x3  
  187  13:12  Ghost  
  192  13:13  Personal Cloaking  
  192  13:16  Terran Vehicle Weapons Level 3, Battlecruiser  
  180  13:38  Command Center  
  180  13:40  Sensor Tower  
  177  13:46  Siege Tank x3  
  186  13:56  Ghost x2  
  190  14:27  Ghost x2  
  190  14:29  Siege Tank x3  
  194  14:32  Ghost x3  
  194  14:38  Ghost Academy x2  
  200  14:39  Ghost Academy x2  
  200  14:43  Hi-Sec Auto Tracking  
  200  14:45  Nuke  
  200  14:52  Missile Turret  
  200  14:56  Sensor Tower  
  193  15:35  Ghost x4  
  183  15:36  Ghost  
  183  15:37  Terran Ship Weapons Level 2  
  183  15:39  Nuke x3  
  183  15:40  Nuke, Neosteel Armor  
  191  15:42  Command Center  
  191  15:43  Missile Turret  
  191  15:45  Missile Turret  
  191  15:53  Terran Vehicle And Ship Armor Level 3  
  191  16:03  Ghost  
  170  16:34  Ghost x4  
  170  16:35  Ghost  
  170  16:36  Hellion, Siege Tank x3  
  170  16:37  Hellion  
  195  16:54  Hellion x2  
  195  16:58  Hellion  
  199  17:17  Command Center  
  199  17:19  Command Center  
  199  17:21  Terran Infantry Weapons Level 1  
  146  17:48  Siege Tank x3  
  146  17:49  Hellion x2  
  159  17:58  Battlecruiser x2  
  169  18:21  Ghost x3  
  169  18:22  Ghost  
  169  18:24  Ghost  
  177  18:42  Terran Ship Weapons Level 3  
  177  18:43  Nuke  
  177  18:50  Ghost x3  
  183  18:56  Nuke  
  183  19:00  Orbital Command  
  183  19:02  Cyclone x3  
  156  19:32  Ghost x4  
  156  19:33  Ghost  
  156  19:34  Cyclone x2  
  156  19:35  Hellion x3  
  178  19:51  Nuke  
  178  19:52  Nuke, Planetary Fortress  
  178  19:54  Refinery  
  178  19:55  Refinery  
  178  19:56  Hellion x3  
  178  19:57  Orbital Command, Missile Turret  
  178  19:58  Missile Turret  
  178  19:59  Missile Turret  
  182  20:08  Hellion x4  
  190  20:17  Hellion  
  192  20:27  Ghost x4  
  200  20:34  Terran Infantry Weapons Level 2  
  200  20:44  Nuke  
  198  21:04  Nuke x3  
  188  21:18  Cyclone x3  
  197  21:19  Hellion  
  191  21:50  Cyclone x2  
  191  21:51  Cyclone  
  198  22:08  Battlecruiser  
  196  22:20  Command Center  
  194  22:41  Smart Servos  
  163  22:47  Cyclone x3  
  163  22:48  Battlecruiser  
  175  23:12  Battlecruiser  
  173  23:55  Battlecruiser  
  173  24:16  Battlecruiser  
  167  24:47  Nuke x4  
  167  24:54  Cyclone x2  
  167  24:55  Hellion  
  175  25:04  Hellion  
  175  25:05  Hellion x3  
  174  25:17  Hellion  
  172  25:26  Hellion x2  
  172  25:28  Orbital Command  
  171  25:49  Cyclone x3  
  180  25:51  Hellion x4  
  178  26:12  Hellion  
  180  26:21  Cyclone  
  183  26:33  Hellion x5  
  183  26:34  Cyclone x2  
  183  26:35  Hellion x2  
  193  26:53  Cyclone  
Show
View Real Time Build Order
Export as new Build Order

ALLMIGHT Zerg 

Build Orders: Hatch First, Swarm Host 

Get SALT Encoding   

  12  0:01  Drone  
  13  0:13  Overlord  
  13  0:17  Drone  
  14  0:31  Drone x2  
  16  0:48  Hatchery  
  15  0:51  Drone  
  15  0:55  Drone  
  17  0:59  Drone  
  18  1:09  Extractor  
  17  1:14  Spawning Pool  
  17  1:17  Drone  
  17  1:20  Drone  
  18  1:28  Drone  
  19  1:42  Drone  
  20  1:51  Overlord  
  20  2:01  Queen x2  
  20  2:02  Zergling x4  
  26  2:09  Metabolic Boost  
  26  2:11  Drone x2  
  28  2:21  Drone  
  28  2:22  Drone  
  30  2:32  Overlord  
  30  2:39  Queen  
  30  2:43  Overlord  
  30  2:44  Queen  
  31  2:45  Drone  
  34  2:55  Drone x3  
  37  3:08  Drone x2  
  37  3:11  Hatchery  
  38  3:16  Drone x4  
  42  3:25  Queen  
  44  3:27  Drone x2  
  46  3:37  Overlord  
  46  3:49  Drone x5  
  46  3:52  Extractor  
  50  3:56  Baneling Nest  
  50  4:00  Drone x2  
  50  4:01  Drone  
  52  4:04  Queen  
  52  4:07  Zergling x4  
  56  4:12  Queen  
  56  4:13  Overlord  
  58  4:18  Extractor  
  58  4:20  Overlord  
  58  4:21  Drone x2  
  59  4:25  Zergling x6  
  59  4:29  Spore Crawler  
  61  4:31  Zergling x2  
  61  4:38  Drone x5  
  67  4:41  Spore Crawler  
  67  4:42  Lair  
  66  4:46  Overlord  
  66  4:47  Drone x2  
  66  4:50  Drone x3  
  71  4:54  Spore Crawler  
  70  5:03  Overlord  
  70  5:08  Drone x6  
  70  5:12  Evolution Chamber  
  73  5:16  Zergling x12  
  78  5:22  Zergling x6  
  78  5:28  Zergling x4  
  82  5:29  Queen  
  82  5:35  Baneling x9  
  83  5:45  Zergling x14  
  89  5:56  Spore Crawler  
  88  5:57  Drone, Queen  
  88  6:02  Hydralisk Den  
  88  6:03  Zerg Missile Weapons Level 1  
  86  6:04  Infestation Pit  
  85  6:12  Overlord x2  
  85  6:13  Overlord x2  
  85  6:17  Extractor  
  80  6:19  Baneling x6  
  80  6:20  Drone x2  
  82  6:29  Overlord x4  
  82  6:32  Grooved Spines  
  82  6:39  Drone x5  
  87  6:44  Drone x4  
  91  6:49  Hive  
  91  6:53  Drone x3  
  94  7:01  Drone x4  
  96  7:04  Extractor  
  96  7:06  Extractor  
  96  7:08  Spore Crawler  
  93  7:12  Drone x8  
  101  7:24  Zergling x8  
  101  7:29  Queen  
  101  7:30  Queen  
  101  7:36  Hydralisk x3  
  109  7:55  Hydralisk x10  
  127  8:00  Zerg Missile Weapons Level 2  
  127  8:01  Muscular Augments  
  127  8:05  Queen  
  122  8:07  Overseer  
  122  8:12  Drone x7  
  128  8:32  Hatchery  
  127  8:41  Overlord x5  
  127  8:58  Viper  
  127  8:59  Viper x3  
  127  9:00  Extractor  
  132  9:03  Zergling x18  
  132  9:04  Extractor  
  132  9:05  Spore Crawler x2  
  132  9:08  Zergling x8  
  142  9:16  Hydralisk  
  134  9:17  Hydralisk  
  134  9:21  Hydralisk x4  
  134  9:22  Hydralisk x3  
  151  9:33  Hydralisk x5  
  151  9:37  Baneling  
  151  9:38  Baneling x2  
  161  9:43  Overseer  
  161  9:48  Hydralisk  
  161  9:49  Hydralisk x2  
  167  10:01  Hydralisk  
  167  10:02  Hydralisk x4  
  167  10:06  Evolution Chamber  
  176  10:29  Zerg Missile Weapons Level 3  
  176  10:30  Overlord  
  176  10:31  Hatchery, Overlord x5  
  172  10:51  Hydralisk  
  172  10:52  Hydralisk x2  
  172  10:55  Hydralisk  
  172  10:56  Hydralisk x8  
  165  11:03  Hydralisk  
  165  11:04  Hydralisk x2  
  139  11:10  Hydralisk x2  
  125  11:13  Drone x3  
  125  11:17  Hydralisk  
  121  11:21  Centrifical Hooks  
  121  11:22  Overseer  
  121  11:25  Drone x3  
  124  11:30  Zergling x2  
  124  11:31  Zergling x2  
  126  11:40  Hydralisk  
  126  11:41  Hydralisk x4  
  126  11:46  Zerg Ground Armor Level 1  
  136  11:50  Drone x3  
  139  11:55  Zergling x4  
  141  12:03  Swarm Host x6  
  141  12:06  Overseer  
  158  12:10  Swarm Host x2  
  166  12:15  Drone x5  
  166  12:20  Swarm Host x2  
  175  12:30  Hydralisk x4  
  182  12:40  Swarm Host x3, Hydralisk  
  190  12:45  Hydralisk x3  
  196  12:58  Hydralisk  
  196  12:59  Hydralisk  
  198  13:29  Extractor  
  198  13:31  Spine Crawler  
  198  13:32  Hydralisk x3, Spore Crawler, Extractor  
  198  13:34  Spine Crawler  
  191  14:04  Hydralisk  
  191  14:05  Hydralisk x4  
  184  14:30  Hydralisk x7  
  198  14:34  Spore Crawler  
  198  14:35  Spore Crawler x2  
  198  14:37  Zergling x10  
  200  14:46  Adrenal Glands  
  200  14:47  Zerg Ground Armor Level 2  
  200  14:48  Zerg Melee Weapons Level 1  
  200  14:58  Spire  
  199  15:00  Pathogen Glands  
  199  15:06  Baneling x10  
  193  15:38  Viper x2  
  199  16:00  Overseer x2  
  197  16:21  Hydralisk x4  
  197  16:22  Hydralisk x7  
  185  16:25  Hydralisk  
  185  16:26  Hydralisk x11  
  182  16:34  Hydralisk x9  
  182  16:39  Zerg Flyer Armor Level 1  
  200  16:41  Spire  
  200  16:43  Drone x4  
  200  17:06  Overlord x3  
  200  17:07  Zerg Melee Weapons Level 2  
  200  17:10  Overseer  
  200  17:31  Hatchery  
  195  17:40  Hydralisk  
  195  17:41  Hydralisk x12  
  199  17:47  Zergling x18  
  199  17:49  Overseer x2  
  198  17:54  Pneumatized Carapace  
  198  17:55  Overseer x2  
  196  18:16  Baneling  
  196  18:17  Baneling x17  
  196  18:32  Drone x4  
  197  18:47  Zergling x2  
  188  19:29  Hydralisk x16  
  188  19:30  Hydralisk  
  178  19:36  Viper x5  
  178  19:37  Viper x3  
  196  19:40  Zerg Flyer Armor Level 2  
  196  19:41  Zerg Flyer Weapons Level 1  
  196  19:43  Spore Crawler  
  196  19:45  Spine Crawler  
  194  19:46  Spine Crawler  
  194  19:47  Corruptor, Spore Crawler  
  194  19:48  Corruptor x3  
  194  19:49  Overseer x2  
  200  20:18  Overseer  
  200  20:19  Overseer  
  198  20:25  Drone x2  
  198  20:27  Spine Crawler  
  200  20:28  Drone x2, Spine Crawler  
  200  20:29  Spore Crawler, Extractor  
  200  20:30  Extractor  
  197  20:38  Drone x2  
  197  20:58  Spine Crawler  
  197  20:59  Spine Crawler  
  197  21:00  Spine Crawler  
  191  21:16  Drone x2  
  191  21:17  Drone x6  
  166  21:44  Corruptor x8  
  166  21:45  Hatchery  
  177  22:01  Hatchery  
  167  22:28  Greater Spire, Zerg Flyer Armor Level 3  
  167  22:29  Overlord  
  167  22:30  Overlord x5  
  167  22:33  Hatchery  
  156  22:50  Drone x5  
  161  22:52  Drone x2  
  162  23:07  Hydralisk  
  162  23:08  Hydralisk x6  
  162  23:09  Queen x2  
  162  23:10  Queen  
  178  23:17  Zergling x6  
  179  23:22  Overseer  
  179  23:24  Zergling x2  
  180  23:31  Zergling x6  
  183  23:37  Zergling x6  
  174  23:47  Zergling x10  
  177  23:53  Corruptor  
  175  23:56  Baneling x2  
  175  23:57  Zergling x6  
  175  24:02  Queen x2  
  178  24:08  Zergling x10  
  142  24:28  Zergling x18  
  149  24:33  Queen, Extractor  
  149  24:35  Spore Crawler  
  149  24:43  Drone x3  
  149  24:44  Drone  
  153  25:12  Zergling x20  
  159  25:26  Queen  
  159  25:27  Queen  
  125  25:36  Corruptor  
  125  25:39  Drone x2  
  122  25:46  Drone x2  
  124  26:08  Queen x2  
  128  26:22  Baneling x7  
  128  26:23  Baneling x9  
  128  26:34  Corruptor x2  
  132  26:45  Corruptor  
  134  26:55  Overseer x2  
Tags
 
Add a new tag
Caveats
  • Supply blocks, unpowered buildings, or Contaminate may cause inaccurate times.
  • Supply counts are checked every 10 seconds.